%YAML 1.1
%TAG !u! tag:unity3d.com,2011:
--- !u!1 &5029461075644088659
GameObject:
  m_ObjectHideFlags: 0
  m_CorrespondingSourceObject: {fileID: 0}
  m_PrefabInstance: {fileID: 0}
  m_PrefabAsset: {fileID: 0}
  serializedVersion: 6
  m_Component:
  - component: {fileID: 5029461075644088656}
  - component: {fileID: 1797953726705940099}
  m_Layer: 0
  m_Name: StartEz BASE
  m_TagString: Untagged
  m_Icon: {fileID: 0}
  m_NavMeshLayer: 0
  m_StaticEditorFlags: 0
  m_IsActive: 1
--- !u!4 &5029461075644088656
Transform:
  m_ObjectHideFlags: 0
  m_CorrespondingSourceObject: {fileID: 0}
  m_PrefabInstance: {fileID: 0}
  m_PrefabAsset: {fileID: 0}
  m_GameObject: {fileID: 5029461075644088659}
  m_LocalRotation: {x: 0, y: 0, z: 0, w: 1}
  m_LocalPosition: {x: 0, y: 0, z: 0}
  m_LocalScale: {x: 1, y: 1, z: 1}
  m_ConstrainProportionsScale: 0
  m_Children:
  - {fileID: 3415490261859230710}
  - {fileID: 7291152924593898546}
  - {fileID: 6123587995133110965}
  - {fileID: 6950684674799499812}
  m_Father: {fileID: 0}
  m_RootOrder: 0
  m_LocalEulerAnglesHint: {x: 0, y: 0, z: 0}
--- !u!114 &1797953726705940099
MonoBehaviour:
  m_ObjectHideFlags: 0
  m_CorrespondingSourceObject: {fileID: 0}
  m_PrefabInstance: {fileID: 0}
  m_PrefabAsset: {fileID: 0}
  m_GameObject: {fileID: 5029461075644088659}
  m_Enabled: 1
  m_EditorHideFlags: 0
  m_Script: {fileID: 11500000, guid: 3f7c6a01ab2137d4db5915922572c4e0, type: 3}
  m_Name: 
  m_EditorClassIdentifier: 
  maxSteps: 50
  canvasScore: {fileID: 5157341987111810948}
--- !u!1 &7291152924593898547
GameObject:
  m_ObjectHideFlags: 0
  m_CorrespondingSourceObject: {fileID: 0}
  m_PrefabInstance: {fileID: 0}
  m_PrefabAsset: {fileID: 0}
  serializedVersion: 6
  m_Component:
  - component: {fileID: 7291152924593898546}
  m_Layer: 0
  m_Name: Targets
  m_TagString: Untagged
  m_Icon: {fileID: 0}
  m_NavMeshLayer: 0
  m_StaticEditorFlags: 0
  m_IsActive: 1
--- !u!4 &7291152924593898546
Transform:
  m_ObjectHideFlags: 0
  m_CorrespondingSourceObject: {fileID: 0}
  m_PrefabInstance: {fileID: 0}
  m_PrefabAsset: {fileID: 0}
  m_GameObject: {fileID: 7291152924593898547}
  m_LocalRotation: {x: -0, y: -0, z: -0, w: 1}
  m_LocalPosition: {x: 0, y: 0, z: 0}
  m_LocalScale: {x: 1, y: 1, z: 1}
  m_ConstrainProportionsScale: 0
  m_Children:
  - {fileID: 3376467301023973858}
  m_Father: {fileID: 5029461075644088656}
  m_RootOrder: 1
  m_LocalEulerAnglesHint: {x: 0, y: 0, z: 0}
--- !u!1001 &1431760368657502431
PrefabInstance:
  m_ObjectHideFlags: 0
  serializedVersion: 2
  m_Modification:
    serializedVersion: 3
    m_TransformParent: {fileID: 7291152924593898546}
    m_Modifications:
    - target: {fileID: 4396988122849710397, guid: d8645800da04d39419f3182da962b1a1, type: 3}
      propertyPath: m_RootOrder
      value: 0
      objectReference: {fileID: 0}
    - target: {fileID: 4396988122849710397, guid: d8645800da04d39419f3182da962b1a1, type: 3}
      propertyPath: m_LocalScale.x
      value: 2
      objectReference: {fileID: 0}
    - target: {fileID: 4396988122849710397, guid: d8645800da04d39419f3182da962b1a1, type: 3}
      propertyPath: m_LocalScale.z
      value: 2
      objectReference: {fileID: 0}
    - target: {fileID: 4396988122849710397, guid: d8645800da04d39419f3182da962b1a1, type: 3}
      propertyPath: m_LocalPosition.x
      value: 0
      objectReference: {fileID: 0}
    - target: {fileID: 4396988122849710397, guid: d8645800da04d39419f3182da962b1a1, type: 3}
      propertyPath: m_LocalPosition.y
      value: 0
      objectReference: {fileID: 0}
    - target: {fileID: 4396988122849710397, guid: d8645800da04d39419f3182da962b1a1, type: 3}
      propertyPath: m_LocalPosition.z
      value: 4.89
      objectReference: {fileID: 0}
    - target: {fileID: 4396988122849710397, guid: d8645800da04d39419f3182da962b1a1, type: 3}
      propertyPath: m_LocalRotation.w
      value: 1
      objectReference: {fileID: 0}
    - target: {fileID: 4396988122849710397, guid: d8645800da04d39419f3182da962b1a1, type: 3}
      propertyPath: m_LocalRotation.x
      value: 0
      objectReference: {fileID: 0}
    - target: {fileID: 4396988122849710397, guid: d8645800da04d39419f3182da962b1a1, type: 3}
      propertyPath: m_LocalRotation.y
      value: 0
      objectReference: {fileID: 0}
    - target: {fileID: 4396988122849710397, guid: d8645800da04d39419f3182da962b1a1, type: 3}
      propertyPath: m_LocalRotation.z
      value: 0
      objectReference: {fileID: 0}
    - target: {fileID: 4396988122849710397, guid: d8645800da04d39419f3182da962b1a1, type: 3}
      propertyPath: m_LocalEulerAnglesHint.x
      value: 0
      objectReference: {fileID: 0}
    - target: {fileID: 4396988122849710397, guid: d8645800da04d39419f3182da962b1a1, type: 3}
      propertyPath: m_LocalEulerAnglesHint.y
      value: 0
      objectReference: {fileID: 0}
    - target: {fileID: 4396988122849710397, guid: d8645800da04d39419f3182da962b1a1, type: 3}
      propertyPath: m_LocalEulerAnglesHint.z
      value: 0
      objectReference: {fileID: 0}
    - target: {fileID: 5695143438376696120, guid: d8645800da04d39419f3182da962b1a1, type: 3}
      propertyPath: m_Name
      value: Target
      objectReference: {fileID: 0}
    m_RemovedComponents: []
    m_RemovedGameObjects: []
    m_AddedGameObjects: []
    m_AddedComponents: []
  m_SourcePrefab: {fileID: 100100000, guid: d8645800da04d39419f3182da962b1a1, type: 3}
--- !u!4 &3376467301023973858 stripped
Transform:
  m_CorrespondingSourceObject: {fileID: 4396988122849710397, guid: d8645800da04d39419f3182da962b1a1, type: 3}
  m_PrefabInstance: {fileID: 1431760368657502431}
  m_PrefabAsset: {fileID: 0}
--- !u!1001 &1582775419024660499
PrefabInstance:
  m_ObjectHideFlags: 0
  serializedVersion: 2
  m_Modification:
    serializedVersion: 3
    m_TransformParent: {fileID: 5029461075644088656}
    m_Modifications:
    - target: {fileID: 7029880133630607927, guid: c6363ce501579254297ef5b80ffb67fc, type: 3}
      propertyPath: m_Name
      value: Canvas
      objectReference: {fileID: 0}
    - target: {fileID: 8467593278458667575, guid: c6363ce501579254297ef5b80ffb67fc, type: 3}
      propertyPath: m_Pivot.x
      value: 1
      objectReference: {fileID: 0}
    - target: {fileID: 8467593278458667575, guid: c6363ce501579254297ef5b80ffb67fc, type: 3}
      propertyPath: m_Pivot.y
      value: 1
      objectReference: {fileID: 0}
    - target: {fileID: 8467593278458667575, guid: c6363ce501579254297ef5b80ffb67fc, type: 3}
      propertyPath: m_RootOrder
      value: 3
      objectReference: {fileID: 0}
    - target: {fileID: 8467593278458667575, guid: c6363ce501579254297ef5b80ffb67fc, type: 3}
      propertyPath: m_AnchorMax.x
      value: 0
      objectReference: {fileID: 0}
    - target: {fileID: 8467593278458667575, guid: c6363ce501579254297ef5b80ffb67fc, type: 3}
      propertyPath: m_AnchorMax.y
      value: 0
      objectReference: {fileID: 0}
    - target: {fileID: 8467593278458667575, guid: c6363ce501579254297ef5b80ffb67fc, type: 3}
      propertyPath: m_AnchorMin.x
      value: 0
      objectReference: {fileID: 0}
    - target: {fileID: 8467593278458667575, guid: c6363ce501579254297ef5b80ffb67fc, type: 3}
      propertyPath: m_AnchorMin.y
      value: 0
      objectReference: {fileID: 0}
    - target: {fileID: 8467593278458667575, guid: c6363ce501579254297ef5b80ffb67fc, type: 3}
      propertyPath: m_SizeDelta.x
      value: 0
      objectReference: {fileID: 0}
    - target: {fileID: 8467593278458667575, guid: c6363ce501579254297ef5b80ffb67fc, type: 3}
      propertyPath: m_SizeDelta.y
      value: 0
      objectReference: {fileID: 0}
    - target: {fileID: 8467593278458667575, guid: c6363ce501579254297ef5b80ffb67fc, type: 3}
      propertyPath: m_LocalPosition.x
      value: 0
      objectReference: {fileID: 0}
    - target: {fileID: 8467593278458667575, guid: c6363ce501579254297ef5b80ffb67fc, type: 3}
      propertyPath: m_LocalPosition.y
      value: 0
      objectReference: {fileID: 0}
    - target: {fileID: 8467593278458667575, guid: c6363ce501579254297ef5b80ffb67fc, type: 3}
      propertyPath: m_LocalPosition.z
      value: -2.55
      objectReference: {fileID: 0}
    - target: {fileID: 8467593278458667575, guid: c6363ce501579254297ef5b80ffb67fc, type: 3}
      propertyPath: m_LocalRotation.w
      value: 0.7071068
      objectReference: {fileID: 0}
    - target: {fileID: 8467593278458667575, guid: c6363ce501579254297ef5b80ffb67fc, type: 3}
      propertyPath: m_LocalRotation.x
      value: 0.7071068
      objectReference: {fileID: 0}
    - target: {fileID: 8467593278458667575, guid: c6363ce501579254297ef5b80ffb67fc, type: 3}
      propertyPath: m_LocalRotation.y
      value: -0
      objectReference: {fileID: 0}
    - target: {fileID: 8467593278458667575, guid: c6363ce501579254297ef5b80ffb67fc, type: 3}
      propertyPath: m_LocalRotation.z
      value: -0
      objectReference: {fileID: 0}
    - target: {fileID: 8467593278458667575, guid: c6363ce501579254297ef5b80ffb67fc, type: 3}
      propertyPath: m_AnchoredPosition.x
      value: 0
      objectReference: {fileID: 0}
    - target: {fileID: 8467593278458667575, guid: c6363ce501579254297ef5b80ffb67fc, type: 3}
      propertyPath: m_AnchoredPosition.y
      value: 0
      objectReference: {fileID: 0}
    - target: {fileID: 8467593278458667575, guid: c6363ce501579254297ef5b80ffb67fc, type: 3}
      propertyPath: m_LocalEulerAnglesHint.x
      value: 90
      objectReference: {fileID: 0}
    - target: {fileID: 8467593278458667575, guid: c6363ce501579254297ef5b80ffb67fc, type: 3}
      propertyPath: m_LocalEulerAnglesHint.y
      value: 90
      objectReference: {fileID: 0}
    - target: {fileID: 8467593278458667575, guid: c6363ce501579254297ef5b80ffb67fc, type: 3}
      propertyPath: m_LocalEulerAnglesHint.z
      value: 90
      objectReference: {fileID: 0}
    m_RemovedComponents: []
    m_RemovedGameObjects: []
    m_AddedGameObjects: []
    m_AddedComponents: []
  m_SourcePrefab: {fileID: 100100000, guid: c6363ce501579254297ef5b80ffb67fc, type: 3}
--- !u!114 &5157341987111810948 stripped
MonoBehaviour:
  m_CorrespondingSourceObject: {fileID: 5937339622755331991, guid: c6363ce501579254297ef5b80ffb67fc, type: 3}
  m_PrefabInstance: {fileID: 1582775419024660499}
  m_PrefabAsset: {fileID: 0}
  m_GameObject: {fileID: 0}
  m_Enabled: 1
  m_EditorHideFlags: 0
  m_Script: {fileID: 11500000, guid: 5f7201a12d95ffc409449d95f23cf332, type: 3}
  m_Name: 
  m_EditorClassIdentifier: 
--- !u!224 &6950684674799499812 stripped
RectTransform:
  m_CorrespondingSourceObject: {fileID: 8467593278458667575, guid: c6363ce501579254297ef5b80ffb67fc, type: 3}
  m_PrefabInstance: {fileID: 1582775419024660499}
  m_PrefabAsset: {fileID: 0}
--- !u!1001 &6729920373738924273
PrefabInstance:
  m_ObjectHideFlags: 0
  serializedVersion: 2
  m_Modification:
    serializedVersion: 3
    m_TransformParent: {fileID: 5029461075644088656}
    m_Modifications:
    - target: {fileID: 336504708005571761, guid: d71f22963718fbf4b8642175a5beb606, type: 3}
      propertyPath: group
      value: 1
      objectReference: {fileID: 0}
    - target: {fileID: 336504708005571761, guid: d71f22963718fbf4b8642175a5beb606, type: 3}
      propertyPath: orientation
      value: 0
      objectReference: {fileID: 0}
    - target: {fileID: 8215472406520892161, guid: d71f22963718fbf4b8642175a5beb606, type: 3}
      propertyPath: m_Model
      value: 
      objectReference: {fileID: 5022602860645237092, guid: 4e8626db9f8d7c1419861ed44037f6e8, type: 3}
    - target: {fileID: 8215472406520892164, guid: d71f22963718fbf4b8642175a5beb606, type: 3}
      propertyPath: m_Name
      value: Agent
      objectReference: {fileID: 0}
    - target: {fileID: 8215472406520892167, guid: d71f22963718fbf4b8642175a5beb606, type: 3}
      propertyPath: m_RootOrder
      value: 0
      objectReference: {fileID: 0}
    - target: {fileID: 8215472406520892167, guid: d71f22963718fbf4b8642175a5beb606, type: 3}
      propertyPath: m_LocalPosition.x
      value: 0.02
      objectReference: {fileID: 0}
    - target: {fileID: 8215472406520892167, guid: d71f22963718fbf4b8642175a5beb606, type: 3}
      propertyPath: m_LocalPosition.y
      value: 0
      objectReference: {fileID: 0}
    - target: {fileID: 8215472406520892167, guid: d71f22963718fbf4b8642175a5beb606, type: 3}
      propertyPath: m_LocalPosition.z
      value: 2.31
      objectReference: {fileID: 0}
    - target: {fileID: 8215472406520892167, guid: d71f22963718fbf4b8642175a5beb606, type: 3}
      propertyPath: m_LocalRotation.w
      value: 1
      objectReference: {fileID: 0}
    - target: {fileID: 8215472406520892167, guid: d71f22963718fbf4b8642175a5beb606, type: 3}
      propertyPath: m_LocalRotation.x
      value: -0
      objectReference: {fileID: 0}
    - target: {fileID: 8215472406520892167, guid: d71f22963718fbf4b8642175a5beb606, type: 3}
      propertyPath: m_LocalRotation.y
      value: -0
      objectReference: {fileID: 0}
    - target: {fileID: 8215472406520892167, guid: d71f22963718fbf4b8642175a5beb606, type: 3}
      propertyPath: m_LocalRotation.z
      value: -0
      objectReference: {fileID: 0}
    - target: {fileID: 8215472406520892167, guid: d71f22963718fbf4b8642175a5beb606, type: 3}
      propertyPath: m_LocalEulerAnglesHint.x
      value: 0
      objectReference: {fileID: 0}
    - target: {fileID: 8215472406520892167, guid: d71f22963718fbf4b8642175a5beb606, type: 3}
      propertyPath: m_LocalEulerAnglesHint.y
      value: 0
      objectReference: {fileID: 0}
    - target: {fileID: 8215472406520892167, guid: d71f22963718fbf4b8642175a5beb606, type: 3}
      propertyPath: m_LocalEulerAnglesHint.z
      value: 0
      objectReference: {fileID: 0}
    m_RemovedComponents: []
    m_RemovedGameObjects: []
    m_AddedGameObjects: []
    m_AddedComponents: []
  m_SourcePrefab: {fileID: 100100000, guid: d71f22963718fbf4b8642175a5beb606, type: 3}
--- !u!4 &3415490261859230710 stripped
Transform:
  m_CorrespondingSourceObject: {fileID: 8215472406520892167, guid: d71f22963718fbf4b8642175a5beb606, type: 3}
  m_PrefabInstance: {fileID: 6729920373738924273}
  m_PrefabAsset: {fileID: 0}
--- !u!1001 &7926105168961559951
PrefabInstance:
  m_ObjectHideFlags: 0
  serializedVersion: 2
  m_Modification:
    serializedVersion: 3
    m_TransformParent: {fileID: 5029461075644088656}
    m_Modifications:
    - target: {fileID: 4108536845801240378, guid: 1f55f68bc7770a04e8e2436e7476e044, type: 3}
      propertyPath: m_RootOrder
      value: 2
      objectReference: {fileID: 0}
    - target: {fileID: 4108536845801240378, guid: 1f55f68bc7770a04e8e2436e7476e044, type: 3}
      propertyPath: m_LocalPosition.x
      value: 0
      objectReference: {fileID: 0}
    - target: {fileID: 4108536845801240378, guid: 1f55f68bc7770a04e8e2436e7476e044, type: 3}
      propertyPath: m_LocalPosition.y
      value: 0
      objectReference: {fileID: 0}
    - target: {fileID: 4108536845801240378, guid: 1f55f68bc7770a04e8e2436e7476e044, type: 3}
      propertyPath: m_LocalPosition.z
      value: 0
      objectReference: {fileID: 0}
    - target: {fileID: 4108536845801240378, guid: 1f55f68bc7770a04e8e2436e7476e044, type: 3}
      propertyPath: m_LocalRotation.w
      value: 1
      objectReference: {fileID: 0}
    - target: {fileID: 4108536845801240378, guid: 1f55f68bc7770a04e8e2436e7476e044, type: 3}
      propertyPath: m_LocalRotation.x
      value: 0
      objectReference: {fileID: 0}
    - target: {fileID: 4108536845801240378, guid: 1f55f68bc7770a04e8e2436e7476e044, type: 3}
      propertyPath: m_LocalRotation.y
      value: 0
      objectReference: {fileID: 0}
    - target: {fileID: 4108536845801240378, guid: 1f55f68bc7770a04e8e2436e7476e044, type: 3}
      propertyPath: m_LocalRotation.z
      value: 0
      objectReference: {fileID: 0}
    - target: {fileID: 4108536845801240378, guid: 1f55f68bc7770a04e8e2436e7476e044, type: 3}
      propertyPath: m_LocalEulerAnglesHint.x
      value: 0
      objectReference: {fileID: 0}
    - target: {fileID: 4108536845801240378, guid: 1f55f68bc7770a04e8e2436e7476e044, type: 3}
      propertyPath: m_LocalEulerAnglesHint.y
      value: 0
      objectReference: {fileID: 0}
    - target: {fileID: 4108536845801240378, guid: 1f55f68bc7770a04e8e2436e7476e044, type: 3}
      propertyPath: m_LocalEulerAnglesHint.z
      value: 0
      objectReference: {fileID: 0}
    - target: {fileID: 4108536845801240379, guid: 1f55f68bc7770a04e8e2436e7476e044, type: 3}
      propertyPath: m_Name
      value: AmbienteBase
      objectReference: {fileID: 0}
    m_RemovedComponents: []
    m_RemovedGameObjects: []
    m_AddedGameObjects: []
    m_AddedComponents: []
  m_SourcePrefab: {fileID: 100100000, guid: 1f55f68bc7770a04e8e2436e7476e044, type: 3}
--- !u!4 &6123587995133110965 stripped
Transform:
  m_CorrespondingSourceObject: {fileID: 4108536845801240378, guid: 1f55f68bc7770a04e8e2436e7476e044, type: 3}
  m_PrefabInstance: {fileID: 7926105168961559951}
  m_PrefabAsset: {fileID: 0}
